Map: Automaton LE

Players

hibiki - Winner!

  • Race: Zerg Zerg
  • Spawn Location: 3:00

A.I. 1 (Elite)

  • Race: Terran Terran
  • Spawn Location: 9:00

VOD

Have the link to the VOD?

Description

Time

  • Played on: April 19, 2019, 8:41 p.m.
  • Length: 5:22
Show
View Real Time Build Order
Export as new Build Order

hibiki Zerg - Winner!

Build Orders: Hatch First 

Get SALT Encoding   

  12  0:01  Drone  
  13  0:13  Overlord  
  13  0:18  Drone  
  14  0:32  Drone x2  
  17  0:35  Drone  
  17  0:54  Hatchery  
  17  0:57  Drone  
  17  1:00  Drone  
  18  1:15  Extractor  
  18  1:17  Spawning Pool  
  16  1:19  Drone  
  16  1:23  Drone  
  18  1:28  Drone  
  19  1:39  Drone  
  20  1:49  Overlord  
  20  2:03  Queen  
  20  2:06  Queen  
  20  2:07  Zergling x4  
  26  2:11  Drone  
  27  2:16  Metabolic Boost  
  27  2:18  Drone  
  29  2:22  Drone  
  29  2:33  Roach Warren  
  28  2:37  Overlord  
  28  2:46  Overlord  
  28  2:53  Overlord  
  28  2:56  Overlord  
  30  3:13  Roach x4  
  30  3:17  Roach  
  38  3:20  Zergling x2  
  39  3:29  Zergling x6  
  39  3:32  Zergling x2  
  43  3:42  Zergling x6  
  43  3:43  Zergling x2  
  43  3:45  Ravager  
  48  3:54  Zergling x4  
  48  3:55  Zergling x2  
  51  3:58  Ravager  
  51  4:02  Zergling x4  
  54  4:10  Zergling x6  
  57  4:19  Zergling x4  
  57  4:20  Zergling x2  
  60  4:25  Ravager  
  61  4:32  Zergling x6  
Show
View Real Time Build Order
Export as new Build Order

A.I. 1 (Elite) Terran 

Build Orders: Command Center First (CC) 

Get SALT Encoding   

  12  0:00  SCV  
  13  0:13  SCV  
  14  0:20  Supply Depot  
  14  0:25  SCV  
  15  0:41  SCV  
  16  0:53  SCV  
  17  1:05  Command Center, SCV  
  18  1:20  SCV, Barracks  
  19  1:41  Refinery  
  19  1:54  Supply Depot  
  19  1:55  SCV  
  20  2:07  Marine  
  21  2:08  Orbital Command, Refinery  
  21  2:17  SCV  
  22  2:25  Marine  
  22  2:29  SCV  
  24  2:34  SCV  
  25  2:41  Barracks  
  25  2:43  Marine  
  26  2:47  Supply Depot  
  26  2:53  Orbital Command  
  26  2:59  SCV  
  26  3:01  Marine  
  28  3:11  Factory  
  28  3:12  SCV  
  29  3:19  Marine  
  30  3:20  SCV  
  30  3:24  SCV  
  32  3:27  Marine  
  32  3:32  SCV  
  34  3:36  SCV  
  34  3:37  Marine  
  36  3:43  Barracks  
  36  3:44  SCV  
  36  3:45  Marine  
  36  3:48  SCV  
  39  3:55  Barracks Tech Lab  
  39  3:56  Factory Tech Lab, SCV  
  39  3:58  Supply Depot  
  39  4:00  SCV  
  41  4:04  Barracks Tech Lab  
  41  4:08  SCV  
  42  4:12  SCV  
  42  4:13  Marine  
  44  4:18  Siege Tank  
  44  4:21  SCV  
  44  4:22  Marine  
  49  4:24  SCV  
  49  4:29  Marine  
  49  4:31  Marine, Supply Depot  
  52  4:33  SCV  
  52  4:36  SCV  
  53  4:39  Supply Depot, Marine  
  53  4:45  SCV  
  47  4:47  Marine  
  47  4:48  Marine, SCV  
  43  4:57  Marine, SCV  
  36  5:00  SCV  
  32  5:09  SCV  
Tags
 
Add a new tag
Caveats
  • Supply blocks, unpowered buildings, or Contaminate may cause inaccurate times.
  • Supply counts are checked every 10 seconds.